 Dungeon Sprint DCSS version 0.26-a0-846-gcc8f1ee719 (webtiles) character file.

Game seed: 12595306279560800263

1844 rocky1 the Blocker (level 9, 0/63 HPs)
             Began as a Gargoyle Fighter on Nov 20, 2020.
             Was a High Priest of Sif Muna.
             Slain by an emperor scorpion (6 damage)
             ... in the Dungeon (Sprint VII: "The Pits").
             The game lasted 00:02:49 (1304 turns).

rocky1 the Blocker (Gargoyle Fighter)               Turns: 1304, Time: 00:02:50

Health: 0/63       AC: 16    Str: 21    XL:     9   Next: 12%
Magic:  10/11      EV: 12    Int: 11    God:    Sif Muna [*****.]
Gold:   0          SH: 12    Dex:  9    Spells: 8/8 levels left

rFire    . . .     SeeInvis .   o - +0 flail (vorpal)
rCold    . . .     Faith    .   c - +0 kite shield
rNeg     + . .     Spirit   .   b - +0 scale mail
rPois    ∞         Reflect  .   (no helmet)
rElec    +         Harm     .   a - +0 cloak
rCorr    .         Rampage  .   (no gloves)
MR       .....     NoTele   +   (no boots)
Stlth    ..........             (no amulet)
HPRegen  0.20/turn              (no ring)
MPRegen  0.12/turn              (no ring)

@: vulnerable, very slightly contaminated
A: negative energy resistance 1, electricity resistance, unbreathing,
petrification resistance, rot immunity, AC +6
a: Channel Magic, Forget Spell, Divine Exegesis, Renounce Religion


You were in the Dungeon.
You worshipped Sif Muna.
Sif Muna was extremely pleased with you.
You visited 1 branch

Inventory:

Hand Weapons
 o - a +0 vorpal flail (weapon)
Armour
 a - a +0 cloak (worn)
 b - a +0 scale mail (worn)
 c - a +0 kite shield (worn)
Scrolls
 j - a scroll of blinking
 l - 3 scrolls of remove curse
 m - 5 scrolls of amnesia
 n - a scroll of summoning
Potions
 e - 6 potions of curing
 f - 2 potions of heal wounds
 g - a potion of haste
 h - 4 potions of magic
 i - 2 potions of berserk rage
 k - a potion of invisibility


   Skills:
 + Level 10.4 Fighting
 + Level 9.4 Maces & Flails
 - Level 9.8 Armour
 - Level 7.0 Dodging
 + Level 10.5 Shields
 + Level 3.5 Invocations


You had 8 spell levels left.
You didn't know any spells.
Your spell library contained the following spells:

 Spells                   Type           Power        Failure   Level
 Shock                    Conj/Air       #...         82%         1
 Poisonous Vapours        Pois/Air       #.....       91%         2
 Swiftness                Air            #.......     91%         2
 Teleport Other           Tloc           #.......     99%         3


Dungeon Overview and Level Annotations

Branches:
Dungeon (1/1)

Altars:
Ashenzari
Cheibriados
Dithmenos
Elyvilon
Fedhas
Gozag
Hepliaklqana
Kikubaaqudgha
Makhleb
Nemelex Xobeh
Okawaru
Qazlal
Ru
Sif Muna
Trog
Uskayaw
Vehumet
Wu Jian
Xom
Yredelemnul
Zin
The Shining One
Beogh
Jiyva
Lugonu


Innate Abilities, Weirdness & Mutations

You are resistant to torment.
Your stone body is resilient. (AC +6)
You are immune to poison.
You resist negative energy. (rN+)
You are resistant to electric shocks. (rElec)
You can survive without breathing.
You are immune to petrification.
You are immune to rotting.


Message History

You feel a little less mighty now. The emperor scorpion stings you!
The emperor scorpion closely misses you.
The emperor scorpion claws you.
You sock the emperor scorpion!
The emperor scorpion is almost dead.
You block the emperor scorpion's attack.
The emperor scorpion claws you!
* * * LOW HITPOINT WARNING * * *
The emperor scorpion barely misses you.
You hit the emperor scorpion but do no damage.
The emperor scorpion is almost dead.
The emperor scorpion stings you!
* * * LOW HITPOINT WARNING * * *
You block the emperor scorpion's attack.
The emperor scorpion claws you.
* * * LOW HITPOINT WARNING * * *
You block the emperor scorpion's attack.
The emperor scorpion claws you.
You die...

#.#........##.......#
#.#........##.......#
#.#####'#####...<...#
#.#..[)))..##.......#
#)#..[)))..##.......#
#'###########.......#
#.......#.. #########
#..###..#.# ###
#.......#@# ...#
##.###.##s#....#
#.......#S'....+
#..###..#)#....#
#.......).#....#
########### ####


You could see an emperor scorpion and an adder.

Vanquished Creatures
  Harold (D)
  A phantasmal warrior (D)
  2 flying skulls (D)
  A warg (D)
  A floating eye (D)
  An ogre (D)
  Crazy Yiuf (D)
  2 mummies (D)
  2 adders (D)
  A river rat (D)
  A white imp (D)
  An ufetubus (D)
  A worm (D)
  A leopard gecko (D)
  A bat skeleton (D)
  A hobgoblin (D)
  A quokka (D)
  A ball python (D)
  2 frilled lizards (D)
23 creatures vanquished.

Notes
Turn   | Place    | Note
-------+----------+-------------------------------------------
     0 | D        | rocky1 the Gargoyle Fighter began the quest for the Orb.
     0 | D        | Reached XP level 1. HP: 14/14 MP: 1/1
    18 | D        | Reached skill level 1 in Dodging
   132 | D        | Found a bloodstained altar of Trog.
   132 | D        | Found a shimmering blue altar of Sif Muna.
   132 | D        | Found a viscous altar of Jiyva.
   132 | D        | Found a hazy altar of Hepliaklqana.
   132 | D        | Found an opulent altar of Gozag.
   133 | D        | Found a glowing golden altar of the Shining One.
   133 | D        | Found a glowing silver altar of Zin.
   133 | D        | Found a basalt altar of Yredelemnul.
   133 | D        | Found a shimmering altar of Xom.
   133 | D        | Found an ornate altar of the Wu Jian Council.
   133 | D        | Found a sacrificial altar of Ru.
   133 | D        | Found a stormy altar of Qazlal.
   133 | D        | Found an iron altar of Okawaru.
   133 | D        | Found a sparkling altar of Nemelex Xobeh.
   133 | D        | Found a burning altar of Makhleb.
   133 | D        | Found a blossoming altar of Fedhas.
   133 | D        | Found a white marble altar of Elyvilon.
   133 | D        | Found a shadowy altar of Dithmenos.
   133 | D        | Found a snail-covered altar of Cheibriados.
   136 | D        | Found a corrupted altar of Lugonu.
   136 | D        | Found a radiant altar of Vehumet.
   136 | D        | Found a roughly hewn altar of Beogh.
   137 | D        | Found an ancient bone altar of Kikubaaqudgha.
   137 | D        | Found a hide-covered altar of Uskayaw.
   137 | D        | Found a broken altar of Ashenzari.
   140 | D        | Became a worshipper of Sif Muna the Loreminder
   156 | D        | Reached XP level 2. HP: 17/20 MP: 2/2
   163 | D        | Reached * piety under Sif Muna
   256 | D        | Noticed a floating eye
   259 | D        | Paralysed by a floating eye for 4 turns
   263 | D        | Killed a floating eye
   264 | D        | Reached skill level 5 in Fighting
   264 | D        | Reached skill level 5 in Armour
   264 | D        | Reached skill level 5 in Shields
   264 | D        | Reached XP level 3. HP: 24/26 MP: 3/3
   264 | D        | Reached XP level 4. HP: 28/31 MP: 4/4
   264 | D        | Reached XP level 5. HP: 33/36 MP: 5/5
   303 | D        | Reached ** piety under Sif Muna
   502 | D        | Noticed a flying skull
   502 | D        | Noticed a flying skull
   518 | D        | Killed a flying skull
   518 | D        | Reached *** piety under Sif Muna
   519 | D        | Reached XP level 6. HP: 44/44 MP: 6/6
   526 | D        | Noticed Crazy Yiuf
   535 | D        | Killed a flying skull
   536 | D        | Reached skill level 5 in Dodging
   536 | D        | Reached XP level 7. HP: 25/48 MP: 7/7
   540 | D        | Reached **** piety under Sif Muna
   551 | D        | Killed Crazy Yiuf
   953 | D        | Noticed Harold
   963 | D        | Killed Harold
   964 | D        | Reached XP level 8. HP: 55/56 MP: 8/8
  1142 | D        | Reached ***** piety under Sif Muna
  1142 | D        | Identified Sif Muna's Volume of Cloudy Translocation (Sif
                  | Muna gifted it to you in the Dungeon)
  1142 | D        | Received a gift from Sif Muna
  1261 | D        | Noticed an emperor scorpion
  1261 | D        | Noticed a phantasmal warrior
  1281 | D        | Killed a phantasmal warrior
  1282 | D        | Reached skill level 10 in Fighting
  1282 | D        | Reached skill level 10 in Shields
  1282 | D        | Reached XP level 9. HP: 32/63 MP: 8/11
  1304 | D        | Slain by an emperor scorpion

Illustrated notes

Levels and vault maps discovered:
D:        pitsprint [storerooms_1, entrance_room_1, metal_vault_6, armoury_2,
          mini_pit_1, grid_room_1, main_hall_1, silver_pit, the_coven_1,
          the_vestibule_1, steel_vault_2, golden_pit, hallway_of_sentries,
          crystal_vault_4, iron_vault_4, final_vault]

Skill      XL: |  1  2  3  4  5  6  7  8 |
---------------+-------------------------+-----
Dodging        | 1 3 4 5 6 7 |  7.0
Fighting       | 5 7 9 10 | 10.4
Armour         | 5 7 8 9 |  9.8
Shields        | 5 7 8 9 10 | 10.5
Maces & Flails | 4 6 8 9 |  9.4
Invocations    | 3 |  3.5

Action                   |  1- 3 |  4- 6 |  7- 9 || total
-------------------------+-------+-------+-------++-------
Melee: Flail             |    17 |    49 |    83 ||   149
  Use: Potion            |       |     1 |     6 ||     7
 Stab: Invisible         |       |       |     4 ||     4
Armor: Scale mail        |     9 |    21 |    22 ||    52
Dodge: Dodged            |     4 |    17 |    25 ||    46
Block: Kite shield       |     9 |    30 |    46 ||    85

Table legend: (Time is in decaauts)
 A = Elapsed time spent in this place.
 B = Non-inter-level travel time spent in this place.
 C = Inter-level travel time spent in this place.
 D = Time resting spent in this place.
 E = Time spent auto-exploring this place.
 F = Levels seen in this place.
 G = Mean time per level.
                   A        B        C        D        E       F      G
               +--------+--------+--------+--------+--------+-----+--------+
         Total |   1336 |   1336 |      0 |    962 |      0 |   1 | 1336.0 |
       Dungeon |   1336 |   1336 |      0 |    962 |      0 |   1 | 1336.0 |
               +--------+--------+--------+--------+--------+-----+--------+

Top non-repeatable levels by time:
       D: 1336 daAuts
